Map: [ESL] Cosmic Sapphire

Players

Reynor - Winner!

  • Race: Zerg Zerg
  • Spawn Location: 5:00

Rattata

  • Race: Zerg Zerg
  • Spawn Location: 11:00

Event: DreamHack SC2 Masters 2022 Atlanta (Online)

VOD

Have the link to the VOD?

Description

Time

  • Played on: Sept. 30, 2022, 11:35 a.m.
  • Length: 4:11

All games in this series

Show
View Real Time Build Order
Export as new Build Order

Reynor Zerg - Winner!

Build Orders: Hatch First 

Get SALT Encoding   

  12  0:00  Drone  
  13  0:12  Overlord  
  13  0:17  Drone  
  14  0:31  Drone x2  
  16  0:47  Hatchery  
  15  0:50  Drone  
  15  0:54  Drone  
  17  0:57  Drone  
  18  1:07  Extractor  
  17  1:14  Spawning Pool  
  17  1:15  Drone  
  17  1:19  Drone  
  18  1:27  Drone  
  19  1:38  Drone  
  20  1:48  Overlord  
  22  2:01  Zergling x4, Queen x2  
  22  2:07  Metabolic Boost  
  26  2:10  Drone x2  
  28  2:21  Drone x2  
  30  2:33  Hatchery  
  30  2:35  Drone  
  30  2:39  Drone  
  31  2:49  Baneling Nest  
  31  2:50  Drone  
  31  2:51  Drone  
  32  2:53  Overlord  
  32  2:56  Drone  
  33  3:03  Drone  
  33  3:05  Drone  
  35  3:09  Zergling x2  
  36  3:15  Zergling x4, Evolution Chamber x2  
  36  3:19  Overlord  
  36  3:24  Zergling x4  
  38  3:30  Evolution Chamber  
  38  3:32  Baneling x2  
  36  3:36  Baneling x2, Evolution Chamber  
  34  3:45  Zergling x4  
  34  3:47  Baneling  
Show
View Real Time Build Order
Export as new Build Order

Rattata Zerg 

Build Orders: Hatch First 

Get SALT Encoding   

  12  0:00  Drone  
  13  0:12  Overlord  
  13  0:17  Drone  
  14  0:30  Drone  
  15  0:47  Hatchery  
  14  0:52  Extractor  
  13  1:01  Spawning Pool  
  12  1:05  Drone  
  12  1:08  Drone  
  14  1:14  Drone  
  14  1:18  Drone  
  16  1:48  Zergling x6  
  19  1:59  Metabolic Boost  
  19  2:00  Zergling x2  
  20  2:01  Queen  
  22  2:10  Zergling x4  
  24  2:16  Baneling Nest  
  24  2:17  Zergling x2  
  24  2:27  Zergling x4  
  26  2:34  Overlord  
  26  2:36  Zergling x2  
  27  2:42  Zergling x2  
  28  2:54  Zergling x6  
  31  2:59  Baneling  
  31  3:00  Baneling x2  
  31  3:04  Zergling x4  
  32  3:11  Zergling x2  
  33  3:18  Zergling x2  
  33  3:19  Zergling x2  
  35  3:26  Baneling x3  
  34  3:39  Zergling x2  
  34  3:40  Zergling x6  
  31  3:50  Zergling x4  
Tags
 
Add a new tag
Caveats
  • Supply blocks, unpowered buildings, or Contaminate may cause inaccurate times.
  • Supply counts are checked every 10 seconds.